 Dungeon Crawl Stone Soup version 0.28.0-62-gf88900778d (webtiles) character file.

Game seed: 1125047588825525229

1221124 jjjjhere the Champion of Chaos (level 25, 204/204 HPs)
             Began as a Gnoll Monk on Mar 8, 2023.
             Was the Champion of Makhleb.
             Escaped with the Orb
             ... and 3 runes on Mar 12, 2023!
             The game lasted 03:37:18 (131932 turns).

jjjjhere the Champion of Chaos (Gnoll Monk)       Turns: 131932, Time: 03:37:18

Health: 204/204    AC: 14    Str: 19    XL:     25   Next: 77%
Magic:  44/44      EV: 23    Int: 23    God:    Makhleb [******]
Gold:   4003       SH: 15    Dex: 19    Spells: 8/58 levels left

rFire   + + +      SeeInvis +   Z - +10 war axe "Oraat" {venom, Int+4}
rCold   + + .      Faith    .   y - +0 kite shield "Zeut" {rElec rC+ Will+ rCorr}
rNeg    + . .      Spirit   .   Q - +1 leather armour of Stoicism {*Corrode Int+5 Dex+3}
rPois   +          Reflect  .   b - +0 mask of the Dragon {Will+ Slay+3 SInv}
rElec   +          Harm     .   p - +1 cloak of Fortitude {rN+ Will++ Stlth+}
rCorr   +          Rampage  .   F - +0 pair of gloves of Twilight {rF+ Regen+ Int+2}
Will    +++++      Rage     1%  I - +2 pair of boots {Fly}
Stlth   +++.......              f - amulet of the acrobat
HPRegen 1.24/turn               L - ring of Fedhas's Pride {rPois rF+ rC+}
MPRegen 0.29/turn               G - ring "Veonto" {rF+ Str+2 Slay+3}

@: flying
A: fangs 1, strong nose, distributed training, horns 1, berserk 1, dopey 1,
screaming 1, subdued magic 1, noise suppression
0: Orb of Zot
}: 3/15 runes: decaying, slimy, gossamer
a: Renounce Religion, Minor Destruction, Lesser Servant of Makhleb, Major
Destruction, Greater Servant of Makhleb


You escaped.
You worshipped Makhleb.
Makhleb was exalted by your worship.
You visited 10 branches of the dungeon, and saw 52 of its levels.
You visited the Abyss 2 times.
You also visited: Trove.

You collected 6952 gold pieces.
You spent 2949 gold pieces at shops.

Inventory:

Hand Weapons
 V - the +6 short sword "Pyitt" {spect, rF+ SInv}
   (You found it on level 11 of the Dungeon)

   When its wielder attacks, the weapon's spirit leaps out and strikes again.
   The spirit shares a part of any damage it takes with its wielder.
   rF:        It protects you from fire.
   SInv:      It lets you see invisible.
 Z - the +10 war axe "Oraat" (weapon) {venom, Int+4}
   (You found it on level 6 of the Lair of Beasts)

   It poisons the flesh of those it strikes.
   Int:       It affects your intelligence (+4).
Missiles
 J - 10 silver boomerangs (quivered)
 O - 6 curare-tipped darts
 P - 4 throwing nets
Armour
 b - the +0 mask of the Dragon (worn) {Will+ Slay+3 SInv}
   (You found it on level 3 of the Depths)

   Slay:      It affects your accuracy & damage with ranged weapons and melee
   (+3).
   SInv:      It lets you see invisible.
   Will:      It increases your willpower.
 p - the +1 cloak of Fortitude (worn) {rN+ Will++ Stlth+}
   (You found it on level 14 of the Dungeon)

   rN:        It protects you from negative energy.
   Will:      It greatly increases your willpower.
   Stlth:     It makes you more stealthy.
 y - the +0 kite shield "Zeut" (worn) {rElec rC+ Will+ rCorr}
   (You took it off an orc on level 13 of the Dungeon)

   rC:        It protects you from cold.
   rElec:     It insulates you from electricity.
   rCorr:     It protects you from acid and corrosion.
   Will:      It increases your willpower.
 F - the +0 pair of gloves of Twilight (worn) {rF+ Regen+ Int+2}
   (You acquired it on level 1 of the Elven Halls)

   Int:       It affects your intelligence (+2).
   rF:        It protects you from fire.
   Regen:     It increases your rate of health regeneration.
 I - a +2 pair of boots of flying (worn)
 Q - the +1 leather armour of Stoicism (worn) {*Corrode Int+5 Dex+3}
   (You took it off a deep elf zephyrmancer on level 3 of the Elven Halls)

   Int:       It affects your intelligence (+5).
   Dex:       It affects your dexterity (+3).
   *Corrode:  It may corrode you when you take damage.
Jewellery
 a - the ring of Obry {rC++ rN+ Int+4}
   (You found it in a treasure trove)

   [ring of positive energy]

   Int:       It affects your intelligence (+4).
   rC:        It greatly protects you from cold.
   rN:        It protects you from negative energy.
 c - the amulet of Vitality {Regen+ HP+15}
   (You found it in a treasure trove)

   [amulet of regeneration]

   HP:        It affects your health (+15).
   Regen:     It increases your rate of health regeneration.
 d - the ring of Salvation {rC+ Str+6 Dex+4}
   (You bought it in a shop on level 2 of the Dungeon)

   [ring of strength]

   Str:       It affects your strength (+6).
   Dex:       It affects your dexterity (+4).
   rC:        It protects you from cold.
 f - an amulet of the acrobat (around neck)
 k - the ring of Free Will {rF+ rC+ Will+ rCorr Dex-3}
   (You found it in a treasure trove)

   [ring of resist corrosion]

   Dex:       It affects your dexterity (-3).
   rF:        It protects you from fire.
   rC:        It protects you from cold.
   rCorr:     It protects you from acid and corrosion.
   Will:      It increases your willpower.
 o - a ring of positive energy
 s - the ring "Fanger" {EV+4 Dex+2}
   (You found it in a treasure trove)

   [ring of evasion]

   EV:        It affects your evasion (+4).
   Dex:       It affects your dexterity (+2).
 u - the ring "Lail" {rPois rC+ rN+ Str-4}
   (You found it in a treasure trove)

   [ring of protection from cold]

   Str:       It affects your strength (-4).
   rC:        It protects you from cold.
   rPois:     It protects you from poison.
   rN:        It protects you from negative energy.
 A - the ring "Boynari" {rElec rF+ Str+4}
   (You acquired it on level 7 of the Dungeon)

   [ring of protection from fire]

   Str:       It affects your strength (+4).
   rF:        It protects you from fire.
   rElec:     It insulates you from electricity.
 C - a ring of wizardry
 G - the ring "Veonto" (right hand) {rF+ Str+2 Slay+3}
   (You took it off a merfolk impaler on level 3 of the Depths)

   [ring of protection from fire]

   Str:       It affects your strength (+2).
   Slay:      It affects your accuracy & damage with ranged weapons and melee
   (+3).
   rF:        It protects you from fire.
 H - a +4 ring of protection
 L - the ring of Fedhas's Pride (left hand) {rPois rF+ rC+}
   (You found it in a treasure trove)

   [ring of protection from fire]

   rF:        It protects you from fire.
   rC:        It protects you from cold.
   rPois:     It protects you from poison.
 M - the ring of Fixation {rF+ Will+ Int+2}
   (You found it on level 4 of the Swamp)

   [ring of protection from fire]

   Int:       It affects your intelligence (+2).
   rF:        It protects you from fire.
   Will:      It increases your willpower.
Wands
 g - a wand of charming (6)
 w - a wand of acid (18)
 x - a wand of iceblast (29)
 S - a wand of mindburst (13)
 U - a wand of digging (8)
 X - a wand of paralysis (15)
Scrolls
 e - 6 scrolls of fog
 i - 2 scrolls of summoning
 l - 3 scrolls of fear
 q - 6 scrolls of teleportation
 r - 6 scrolls of amnesia
 D - 5 scrolls of enchant weapon
 R - 2 scrolls of blinking
Potions
 h - 2 potions of mutation
 j - 7 potions of curing
 m - 4 potions of brilliance
 n - 15 potions of ambrosia
 t - a potion of cancellation
 v - 8 potions of magic
 z - 6 potions of haste
 B - 6 potions of might
 E - 3 potions of heal wounds
 K - 4 potions of berserk rage
 T - a potion of invisibility
 Y - 3 potions of resistance
Miscellaneous
 N - a condenser vane


   Skills:
 + Level 18.2 Fighting
 + Level 17.2 Short Blades
 + Level 18.2 Long Blades
 + Level 17.2 Axes
 + Level 17.2 Maces & Flails
 + Level 17.2 Polearms
 + Level 17.2 Staves
 + Level 17.2 Slings
 + Level 17.2 Bows
 + Level 17.2 Crossbows
 + Level 17.2 Throwing
 + Level 17.2 Armour
 + Level 18.2 Dodging
 + Level 17.6 Stealth
 + Level 17.2 Shields
 + Level 17.2 Unarmed Combat
 + Level 17.2 Spellcasting
 + Level 14.6 Conjurations
 + Level 14.6 Hexes
 + Level 14.6 Summonings
 + Level 14.6 Necromancy
 + Level 14.6 Translocations
 + Level 14.6 Transmutations
 + Level 14.6 Fire Magic
 + Level 14.6 Ice Magic
 + Level 14.6 Air Magic
 + Level 14.6 Earth Magic
 + Level 14.6 Poison Magic
 + Level 18.6 Invocations
 + Level 17.2 Evocations


You had 8 spell levels left.
You knew the following spells:

 Your Spells              Type           Power      Damage    Failure   Level
a - Iron Shot             Conj/Erth      30%        9d6       1%          6
b - Wereblood             Tmut           61%        N/A       0%          2
c - Summon Mana Viper     Hex/Summ       61%        N/A       1%          5
d - Confusing Touch       Hex            61%        N/A       0%          3
e - Passage of Golubria   Tloc           61%        N/A       1%          4
f - Blink                 Tloc           100%       N/A       0%          2
g - Starburst             Conj/Fire      30%        6d9       1%          6
h - Sticky Flame          Conj/Fire      61%        2d8       1%          4
i - Statue Form           Tmut/Erth      40%        N/A       1%          6
j - Ozocubu's Refrigerat  Ice            30%        4d11      8%          7
k - Borgnjor's Vile Clut  Necr/Erth      30%        N/A       1%          5

Your spell library contained the following spells:

 Spells                   Type           Power      Damage    Failure   Level
 Animate Skeleton         Necr           100%       N/A       0%          1
 Beastly Appendage        Tmut           100%       N/A       0%          1
 Foxfire                  Conj/Fire      100%       2x1d9     0%          1
 Pain                     Necr           100%       1d9       0%          1
 Slow                     Hex            100%       N/A       0%          1
 Sting                    Tmut/Pois      100%       1d8       0%          1
 Call Imp                 Summ           61%        N/A       0%          2
 Corpse Rot               Necr/Air       100%       N/A       0%          2
 Ensorcelled Hibernation  Hex/Ice        100%       N/A       0%          2
 Passwall                 Tmut/Erth      50%        N/A       0%          2
 Poisonous Vapours        Pois/Air       100%       N/A       0%          2
 Sublimation of Blood     Necr           61%        N/A       0%          2
 Conjure Flame            Conj/Fire      61%        6-21      0%          3
 Dazzling Flash           Conj/Hex       100%       N/A       0%          3
 Ignite Poison            Fire/Tmut/Pois 61%        N/A       0%          3
 Inner Flame              Hex/Fire       61%        N/A       0%          3
 Mephitic Cloud           Conj/Pois/Air  61%        N/A       0%          3
 Ozocubu's Armour         Ice            61%        N/A       0%          3
 Portal Projectile        Hex/Tloc       100%       N/A       0%          3
 Spider Form              Tmut/Pois      61%        N/A       0%          3
 Summon Guardian Golem    Hex/Summ       61%        N/A       0%          3
 Tukima's Dance           Hex            61%        N/A       0%          3
 Vampiric Draining        Necr           61%        2d10      0%          3
 Airstrike                Air            30%        N/A       1%          4
 Anguish                  Hex/Necr       30%        N/A       1%          4
 Animate Armour           Summ/Erth      100%       N/A       1%          4
 Cause Fear               Hex            30%        N/A       1%          4
 Dispel Undead            Necr           61%        3d21      1%          4
 Flame Wave               Conj/Fire      61%        2d12      1%          4
 Fulminant Prism          Conj/Hex       30%        3d16      1%          4
 Ice Form                 Ice/Tmut       61%        N/A       1%          4
 Iskenderun's Mystic Bla  Conj/Tloc      61%        2d13      1%          4
 Leda's Liquefaction      Hex/Erth       30%        N/A       1%          4
 Olgreb's Toxic Radiance  Pois           61%        N/A       1%          4
 Summon Lightning Spire   Summ/Air       61%        N/A       1%          4
 Alistair's Intoxication  Tmut/Pois      40%        N/A       1%          5
 Blade Hands              Tmut           30%        N/A       1%          5
 Excruciating Wounds      Necr           30%        N/A       1%          5
 Fireball                 Conj/Fire      30%        3d13      1%          5
 Freezing Cloud           Conj/Ice/Air   30%        6-21      1%          5
 Lee's Rapid Deconstruct  Erth           30%        3d17*     1%          5
 Manifold Assault         Tloc           61%        N/A       1%          5
 Metabolic Englaciation   Hex/Ice        30%        N/A       1%          5
 Silence                  Hex/Air        30%        N/A       1%          5
 Summon Forest            Summ/Tloc      30%        N/A       1%          5
 Yara's Violent Unravell  Hex/Tmut       30%        3d13      1%          5
 Death Channel            Necr           30%        N/A       1%          6
 Eringya's Noxious Bog    Tmut/Pois      30%        N/A       1%          6
 Simulacrum               Ice/Necr       30%        N/A       1%          6
 Summon Cactus Giant      Summ           30%        N/A       1%          6
 Dragon Form              Tmut           30%        N/A       8%          7
 Monstrous Menagerie      Summ           30%        N/A       8%          7
 Storm Form               Tmut/Air       30%        N/A       8%          7
 Summon Hydra             Summ           30%        N/A       8%          7
 Ignition                 Fire           30%        3d10      54%         8
 Lehudib's Crystal Spear  Conj/Erth      30%        10d8      54%         8
 Dragon's Call            Summ           30%        N/A       100%        9


Dungeon Overview and Level Annotations

Branches:
Dungeon (15/15)            Temple (0/1) D:6            Lair (6/6) D:11
  Swamp (4/4) Lair:2       Spider (4/4) Lair:4        Slime (5/5) Lair:6
    Orc (2/2) D:10            Elf (3/3) Orc:2        Vaults (4/5) D:14
  Crypt (0/3) Vaults:3     Depths (4/4) D:15            Zot (5/5) Depths:4

Altars:
Ashenzari
Cheibriados
Dithmenos
Elyvilon
Hepliaklqana
Makhleb
Nemelex Xobeh
Okawaru
Qazlal
Ru
Trog
Uskayaw
Vehumet
Wu Jian
Yredelemnul
Zin
The Shining One
Jiyva
Lugonu

Shops:
D:2 =   D:6 *   Orc:2 *(:[   Vaults:1 *[   Vaults:2 *   Vaults:3 [   Depths:1 =
Depths:2 =   Depths:4 (

Portals:
Hell: Depths:1 Depths:2 Depths:3* Depths:4
Abyss: Depths:3 Depths:4
Pandemonium: Depths:2
Ziggurat: Depths:4

Annotations:
D:4 3 runed translucent doors, nerdsy's ghost, weakling TrTm
Swamp:2 1 runed translucent door, Matygoc's ghost, adept HaSk
Spider:4 3 runed translucent doors, jjjjhere's ghost, adept MiAK
Elf:2 3 runed translucent doors
Elf:3 2 transporters, Miona's ghost, adept HuVM
Depths:1 exclusion: downstairs
Depths:2 exclusion: 2 downstairs
Depths:4 exclusions: 2 ancient liches, 2 liches and 4 more exclusions


Innate Abilities, Weirdness & Mutations

You have very sharp teeth.
Your uncanny sense of smell can sniff out nearby items.
Your experience applies equally to all skills.
You have a pair of small horns on your head.
You tend to lose your temper in combat.
You are dopey. (Int -2)
You occasionally shout uncontrollably at your foes.
Your spells are a little easier to cast, but a little less powerful.
You passively dampen the noise of your surroundings.


Message History

You kill the sun demon!
Makhleb accepts your kill.
(D) Dungeon (T) Temple (L) Lair (S) Swamp (N) Spider Nest (M) Slime Pits (O) Orcish Mines (E) Elven Halls (V) Vaults (C) Crypt (U) Depths (H) Hell (Z) Zot
Where to? (Enter - D:1 @ (x,y), ? - help)
What level of the Dungeon? (default 1, ? - help)
There is a stone staircase leading up here.
You fly upwards.
There is a stone staircase leading down here.
Magic restored.
There is a stone staircase leading up here.
You fly upwards.
There is a stone staircase leading down here.
An ice devil comes into view.
Unknown command.
Aiming: Dig
Press: ? - help, Shift-Dir - straight line A rock wall.
This square is covered in magical glow.
The rock shatters into small pieces.
Aiming: Dig
Press: ? - help, Shift-Dir - straight line A rock wall.
This square is covered in magical glow.
The rock shatters into small pieces.
Aiming: Dig
Press: ? - help, Shift-Dir - straight line A rock wall.
This square is covered in magical glow.
The rock shatters into small pieces.
There is a staircase leading out of the dungeon here.
Enter note: gnoll is weird!
Enter note: first melee and stabbing, then casting, then statue form
Enter note: never felt really strong
Enter note: may have just made bad choices about equip or spells though
Okay, then.
You block the ice devil's attack.
You have escaped!

#.....†......#
##.##.
#.############
#..#. #.# ##
##.#. #.# #.#
#######...
#.####.###
##.........
#.##.....##
##.#######..
#.#.####..##
##.## #..
#.#.8≈8≈8..#
##.## #..
#...≈≈≈≈≈.@###.##
#.>
###.8≈8≈8..4#.##
##. #.#####.##.##
#. ##.....##.##
#. ######### #.
#. #. #. #.


You could see an ice devil.

Vanquished Creatures
  the Royal Jelly (Slime:5)
  2 dread liches (Zot:5)
  4 orbs of fire
  An ancient lich (Zot:5)
  A juggernaut (Depths:3)
  Bai Suzhen (Vaults:3)
  Margery (Vaults:3)
  5 Killer Klowns (Zot:5)
  A caustic shrike (Depths:3)
  8 golden dragons
  A curse toe (Zot:4)
  2 bone dragons
  2 electric golems
  Arachne (Spider:3)
  8 tentacled monstrosities
  Jorgrun (D:13)
  22 Orb Guardians
  A lich (Depths:3)
  A walking earthen tome (Depths:3)
  2 deep elf master archers
  4 quicksilver dragons
  2 deep elf blademasters (Elf:3)
  16 acid blobs
  A quicksilver dragon (shapeshifter) (Vaults:1)
  12 death cobs
  2 tentacled starspawn
  A sphinx (Vaults:4)
  13 storm dragons
  Agnes (D:15)
  Kirke (D:14)
  Roxanne (Elf:3)
  Frances (Elf:1)
  5 shadow dragons
  A thorn hunter (Swamp:2)
  6 tengu reavers
  10 rockslimes
  Donald (Spider:4)
  4 draconian monks
  3 revenants
  6 azure jellies
  5 fire giants
  3 draconian knights
  6 deep elf sorcerers
  7 vault wardens
  3 draconian scorchers
  4 deep elf elementalists (Elf:3)
  Louise (Swamp:1)
  6 ghost moths
  4 emperor scorpions
  A ghoul (Swamp:1)
  An orc warlord (Vaults:3)
  5 draconian stormcallers
  2 spectral juggernauts (Depths:2)
  5 draconian shifters
  12 quicksilver oozes
  13 ironbound preservers
  A spriggan defender (Depths:3)
  4 draconian annihilators
  5 very ugly things
  2 broodmothers (Spider:3)
  8 stone giants
  3 war gargoyles (Vaults:4)
  6 green draconians
  10 ironbound thunderhulks
  3 vampire knights
  13 deep elf demonologists
  6 black draconians
  7 entropy weavers
  10 yellow draconians
  5 eleionomae
  A dire elephant (Vaults:3)
  4 bunyips
  5 white draconians
  6 spark wasps
  A lorocyproca (Abyss:3)
  9 deep elf annihilators (Elf:3)
  2 purple draconians
  7 red draconians
  6 deep elf death magi
  4 ettins
  A blizzard demon (Depths:1)
  3 eidola (Depths:2)
  A quicksilver dragon zombie (Abyss:3)
  A shambling mangrove (Swamp:1)
  4 fire dragons
  A merfolk javelineer (Depths:3)
  A spectral golden dragon (Depths:2)
  4 crystal guardians
  2 merfolk impalers (Depths:3)
  7 ice dragons
  10 great orbs of eyes
  3 deep elf high priests (Elf:3)
  15 hydras
  7 hell beasts
  5 rakshasas
  A vault guard (Vaults:4)
  8 yaktaur captains
  2 caustic shrike simulacra (Depths:2)
  5 peacekeepers
  6 boulder beetles
  A jorogumo (Spider:2)
  7 ironbound frosthearts
  5 ogre magi
  6 spriggan air magi
  4 ghost crabs
  2 radroaches
  17 centaur warriors
  5 alligators
  An alligator (shapeshifter) (Depths:3)
  2 death knights (Vaults:3)
  4 spriggan skeletons
  2 juggernaut simulacra (Depths:2)
  5 deep troll earth magi
  19 dancing weapons
  16 two-headed ogres
  A spectral frost giant (Depths:2)
  4 deep troll shamans
  3 tengu warriors
  4 vampire magi (Depths:2)
  6 deep elf knights
  2 spectral storm dragons (Depths:2)
  5 hell knights
  5 spriggan berserkers
  A sun demon (D:3)
  4 wretched stars (Abyss:3)
  A sun moth (Spider:2)
  4 pharaoh ants
  10 goliath frogs
  An iron troll (Depths:1)
  52 deep trolls
  6 skeletal warriors
  6 orb spiders
  2 shadow wraiths (Depths:1)
  A spriggan druid (Swamp:2)
  4 shadow demons (Depths:3)
  A swamp dragon (Swamp:1)
  An orange crystal statue (Zot:5)
  A glowing orange brain (D:10)
  7 steelbarb worms
  9 bog bodies
  2 flayed ghosts (Depths:2)
  A steelbarb worm (shapeshifter) (Vaults:3)
  4 spectral hydras (Swamp:4)
  10 deep elf archers
  5 harpies (Vaults:1)
  4 lindwurms
  24 deep elf zephyrmancers
  4 shining eyes
  13 ironbound convokers
  A sphinx skeleton (Depths:2)
  7 large abominations
  7 phantasmal warriors
  21 deep elf pyromancers
  2 orc knights
  4 cyclopes
  14 wizards
  7 necromancers
  18 wolf spiders
  2 orc sorcerers
  3 manticores
  48 ugly things
  8 will-o-the-wisps
  21 elephants
  2 stone giant skeletons
  A worldbinder (Abyss:3)
  19 moths of wrath
  8 black mambas
  14 vault sentinels
  5 torpor snails
  A fire giant skeleton (Depths:2)
  A guardian serpent (Spider:3)
  4 eyes of devastation
  An apocalypse crab (Abyss:3)
  22 cane toads
  An orange demon (Abyss:3)
  A gargoyle (D:11)
  A black mamba (shapeshifter) (D:15)
  5 smoke demons
  2 storm dragon simulacra (Depths:2)
  14 komodo dragons
  3 rime drakes
  3 unseen horrors
  2 swamp worm zombies (Swamp:4)
  3 efreet
  8 demonic crawlers
  A rime drake (shapeshifter) (Vaults:4)
  3 freezing wraiths
  A kobold demonologist (D:10)
  A tormentor (D:5)
  A tengu conjurer (Depths:1)
  6 hydra zombies (Swamp:4)
  21 yaktaurs
  8 trolls
  A meliai (shapeshifter) (Abyss:2)
  5 ancient zymes (Abyss:3)
  7 meliai
  11 tyrant leeches
  2 polar bears
  4 bloated husks
  A tengu simulacrum (Vaults:4)
  5 hornets
  24 tarantellas
  109 slime creatures
  A blink frog (shapeshifter) (D:13)
  A spectral swamp dragon (Swamp:4)
  4 alligator zombies (Swamp:4)
  3 human simulacra (Vaults:4)
  4 dream sheep (Lair:5)
  27 blink frogs
  A snapping turtle (shapeshifter) (Depths:1)
  5 raiju (Abyss:3)
  A tyrant leech (shapeshifter) (Depths:3)
  16 jumping spiders
  A stone giant simulacrum (Abyss:3)
  5 flying skulls
  Sigmund (D:6)
  3 air elementals
  18 culicivoras
  A shadow (D:13)
  3 vampires
  2 water elementals (Depths:3)
  5 spriggans
  An ettin skeleton (Abyss:3)
  42 yaks
  5 ynoxinuls
  5 basilisks
  A yak (shapeshifter) (Elf:3)
  2 wraiths
  6 wyverns
  3 fire elementals
  7 hogs (D:14)
  61 redbacks
  A steam dragon (D:4)
  15 golden eyes
  A human (shapeshifter) (D:14)
  Grum (D:10)
  A redback (shapeshifter) (D:15)
  2 chaos spawn (Abyss:3)
  2 neqoxecs
  3 wargs
  A harpy simulacrum (Abyss:3)
  5 vampire mosquitoes
  16 swamp worms
  3 acid dragons
  13 water moccasins
  26 orc warriors
  A floating eye (Slime:5)
  3 ice beasts
  A swamp dragon zombie (Swamp:4)
  A swamp drake (Swamp:1)
  A black bear (D:8)
  29 ogres
  2 necrophages (Swamp:1)
  A sky beast (D:5)
  5 small abominations
  15 wolves
  2 boggarts (Depths:3)
  22 centaurs
  5 phantoms
  6 kobold brigands
  13 bullfrogs
  5 gnoll sergeants
  A human skeleton (Vaults:4)
  6 earth elementals
  4 scorpions
  A wyvern zombie (D:8)
  4 killer bees
  5 wights (D:7)
  4 electric eels
  3 howler monkeys (D:13)
  5 centaur zombies
  A quasit (Abyss:2)
  6 starcursed masses
  3 hounds
  17 orc priests
  2 jellies
  2 bullfrog skeletons
  2 centaur skeletons
  An iron imp (Abyss:2)
  2 scorpion zombies (D:5)
  10 iguanas
  16 orc wizards
  4 polar bear simulacra (Lair:5)
  A spectral swamp drake (Swamp:4)
  3 yak simulacra (Lair:5)
  A wolf simulacrum (Lair:5)
  A hound skeleton (D:4)
  A howler monkey zombie (D:6)
  12 gnolls
  12 adders
  2 swamp drake zombies (Swamp:4)
  A shadow imp (D:5)
  3 white imps
  2 ufetubi
  An adder skeleton (D:4)
  4 worms
  2 dart slugs (D:2)
  76 orcs
  8 ball pythons
  12 endoplasms
  3 giant cockroaches
  6 goblins
  12 hobgoblins
  3 quokkas
  7 bats
  5 frilled lizards
  25 kobolds
  6 rats
  3 river rat simulacra (Lair:5)
  A starspawn tentacle (Abyss:2)
1998 creatures vanquished.

Vanquished Creatures (collateral kills)
  An orb of fire (Zot:5)
  3 Orb Guardians (Zot:5)
  2 boulder beetles
  A two-headed ogre (Orc:2)
  A vampire mage (Depths:3)
  A pharaoh ant (Spider:2)
  A goliath frog (Swamp:2)
  A death drake (Swamp:4)
  A skeletal warrior (D:12)
  A wolf spider (Spider:2)
  A manticore (D:11)
  A moth of wrath (Zot:5)
  A tarantella (Spider:1)
  A tyrant leech (Swamp:2)
  A slime creature (Slime:1)
  3 jumping spiders
  A spriggan (Depths:3)
  A yak (D:7)
  A basilisk (D:11)
  A wyvern (D:9)
  4 redbacks
  An orc warrior (D:9)
  A sky beast (D:6)
  4 ogres
  2 centaurs (D:11)
  2 phantoms
  2 killer bees (D:11)
  2 orc priests
  An orc wizard (D:6)
  A shadow imp (D:6)
  4 orcs
49 creatures vanquished.

Vanquished Creatures (others)
  A hydra (D:11)
  4 deep elf zephyrmancers (Elf:1)
  An orc knight (D:11)
  4 bloated husks
  2 phantoms (Swamp:4)
  An orc (Orc:2)
  10 bushes
  36 foxfires
  77 fungi
  222 plants
  5 starspawn tentacles
  5 toadstools (Depths:1)
  4 withered plants
372 creatures vanquished.

Grand Total: 2419 creatures vanquished

Notes
Turn   | Place    | Note
-------+----------+-------------------------------------------
     0 | D:1      | jjjjhere the Gnoll Monk began the quest for the Orb.
     0 | D:1      | Reached XP level 1. HP: 23/23 MP: 1/1
   402 | D:1      | Reached XP level 2. HP: 21/29 MP: 2/2
   881 | D:1      | Found a faded altar of an unknown god.
  1499 | D:1      | Prayed at the altar of an unknown god.
  1499 | D:1      | Became a worshipper of Makhleb the Destroyer
  1499 | D:1      | Reached * piety under Makhleb
  1499 | D:1      | Reached ** piety under Makhleb
  1802 | D:2      | Got the Almanac of Fetching Stones
  1875 | D:2      | Reached XP level 3. HP: 35/35 MP: 3/3
  1889 | D:2      | Found a sparkling altar of Nemelex Xobeh.
  1908 | D:2      | Reached *** piety under Makhleb
  2014 | D:2      | Found Waamoh's Jewellery Emporium.
  2132 | D:2      | Reached skill level 1 in Invocations
  2233 | D:2      | Reached skill level 1 in Short Blades
  2233 | D:2      | Reached skill level 1 in Axes
  2233 | D:2      | Reached skill level 1 in Maces & Flails
  2233 | D:2      | Reached skill level 1 in Polearms
  2233 | D:2      | Reached skill level 1 in Staves
  2233 | D:2      | Reached skill level 1 in Slings
  2233 | D:2      | Reached skill level 1 in Bows
  2233 | D:2      | Reached skill level 1 in Crossbows
  2233 | D:2      | Reached skill level 1 in Throwing
  2233 | D:2      | Reached skill level 1 in Armour
  2233 | D:2      | Reached skill level 1 in Shields
  2233 | D:2      | Reached skill level 1 in Unarmed Combat
  2233 | D:2      | Reached skill level 1 in Spellcasting
  2233 | D:2      | Reached skill level 1 in Evocations
  2504 | D:2      | Reached XP level 4. HP: 38/41 MP: 5/5
  3115 | D:3      | Reached skill level 1 in Conjurations
  3115 | D:3      | Reached skill level 1 in Hexes
  3115 | D:3      | Reached skill level 1 in Summonings
  3115 | D:3      | Reached skill level 1 in Necromancy
  3115 | D:3      | Reached skill level 1 in Translocations
  3115 | D:3      | Reached skill level 1 in Transmutations
  3115 | D:3      | Reached skill level 1 in Fire Magic
  3115 | D:3      | Reached skill level 1 in Ice Magic
  3115 | D:3      | Reached skill level 1 in Air Magic
  3115 | D:3      | Reached skill level 1 in Earth Magic
  3115 | D:3      | Reached skill level 1 in Poison Magic
  3586 | D:3      | Found a glowing silver altar of Zin.
  3729 | D:4      | Found a runed translucent gate.
  3729 | D:4      | Noticed nerdsy's ghost (weakling TrTm)
  3730 | D:4      | Found a runed translucent gate.
  3730 | D:4      | Found a runed translucent gate.
  3733 | D:4      | Noticed a steam dragon
  3863 | D:4      | Noticed a steam dragon
  3890 | D:4      | Reached XP level 5. HP: 44/47 MP: 6/6
  3901 | D:4      | Reached **** piety under Makhleb
  4095 | D:4      | Found a broken altar of Ashenzari.
  4155 | D:4      | HP: 13/47 [steam dragon] (6)]
  4156 | D:4      | HP: 3/47 [steam dragon] (6)]
  4162 | D:4      | HP: 8/105 [steam dragon/ball of steam (10)]
  4165 | D:4      | HP: 3/105 [steam dragon] (5)]
  4169 | D:4      | Killed a steam dragon
  4170 | D:4      | Reached XP level 6. HP: 6/53 MP: 8/8
  4855 | D:4      | HP: 8/53 [acid (10)]
  4910 | D:4      | HP: 15/53 [acid (2)]
  5148 | D:4      | Found a glowing golden altar of the Shining One.
  5400 | D:5      | Entered Level 5 of the Dungeon
  5445 | D:5      | Reached XP level 7. HP: 40/59 MP: 10/10
  5694 | D:5      | Reached skill level 5 in Stealth
  5938 | D:5      | Reached XP level 8. HP: 46/67 MP: 12/12
  6749 | D:5      | Identified a scroll of acquirement
  6750 | D:5      | Acquired 836 gold pieces
  6888 | D:2      | Bought the ring of Salvation {rC+ Str+6 Dex+4} for 970 gold
                  | pieces
  7037 | D:6      | Found Uxooch's Assorted Antiques.
  7042 | D:6      | Bought a scroll of identify for 60 gold pieces
  7393 | D:6      | Found a staircase to the Ecumenical Temple.
  7447 | D:6      | Reached XP level 9. HP: 35/72 MP: 14/14
  7810 | D:6      | Noticed Sigmund
  7822 | D:6      | Killed Sigmund
  8158 | D:6      | Found a radiant altar of Vehumet.
  8399 | D:7      | Found an iron altar of Okawaru.
  8693 | D:7      | Acquired the ring "Boynari" {rElec rF+ Str+4}
  9157 | D:7      | Found a bloodstained altar of Trog.
 10125 | D:7      | Learned a level 2 spell: Blink
 10128 | D:7      | Learned a level 2 spell: Wereblood
 10155 | D:7      | Reached skill level 5 in Invocations
 10416 | D:7      | HP: 21/74 [killer bee (7)]
 10756 | D:8      | Identified the +1 leather armour "Muisoutu" {Int+3}
 10764 | D:8      | Found a white marble altar of Elyvilon.
 10874 | D:8      | HP: 24/74 [orc priest/divine providence (15)]
 11177 | D:8      | Reached XP level 10. HP: 80/80 MP: 17/17
 11507 | D:8      | Found a shadowy altar of Dithmenos.
 11522 | D:8      | Found a burning altar of Makhleb.
 11558 | D:8      | Reached skill level 5 in Short Blades
 11558 | D:8      | Reached skill level 5 in Axes
 11558 | D:8      | Reached skill level 5 in Maces & Flails
 11558 | D:8      | Reached skill level 5 in Polearms
 11558 | D:8      | Reached skill level 5 in Staves
 11558 | D:8      | Reached skill level 5 in Slings
 11558 | D:8      | Reached skill level 5 in Bows
 11558 | D:8      | Reached skill level 5 in Crossbows
 11558 | D:8      | Reached skill level 5 in Throwing
 11558 | D:8      | Reached skill level 5 in Armour
 11558 | D:8      | Reached skill level 5 in Shields
 11558 | D:8      | Reached skill level 5 in Unarmed Combat
 11558 | D:8      | Reached skill level 5 in Spellcasting
 11558 | D:8      | Reached skill level 5 in Evocations
 11824 | D:8      | Found a hide-covered altar of Uskayaw.
 12119 | D:9      | Noticed a boulder beetle
 12140 | D:9      | Killed a boulder beetle
 12397 | D:9      | Found a snail-covered altar of Cheibriados.
 12422 | D:9      | Noticed a two-headed ogre
 12433 | D:9      | Killed a two-headed ogre
 12993 | D:9      | Found a basalt altar of Yredelemnul.
 13232 | D:9      | Reached XP level 11. HP: 60/87 MP: 19/19
 14163 | D:9      | Found a hazy altar of Hepliaklqana.
 14167 | D:9      | Found a faded altar of an unknown god.
 14243 | D:10     | Entered Level 10 of the Dungeon
 14297 | D:10     | Reached skill level 5 in Conjurations
 14297 | D:10     | Reached skill level 5 in Hexes
 14297 | D:10     | Reached skill level 5 in Summonings
 14297 | D:10     | Reached skill level 5 in Necromancy
 14297 | D:10     | Reached skill level 5 in Translocations
 14297 | D:10     | Reached skill level 5 in Transmutations
 14297 | D:10     | Reached skill level 5 in Fire Magic
 14297 | D:10     | Reached skill level 5 in Ice Magic
 14297 | D:10     | Reached skill level 5 in Air Magic
 14297 | D:10     | Reached skill level 5 in Earth Magic
 14297 | D:10     | Reached skill level 5 in Poison Magic
 15213 | D:10     | Noticed Grum
 15233 | D:10     | Killed Grum
 15596 | D:10     | Found a staircase to the Orcish Mines.
 16333 | D:11     | Noticed a six-headed hydra
 16362 | D:11     | HP: 25/89 [six-headed hydra (7)]
 16373 | D:11     | HP: 18/89 [six-headed hydra (8)]
 16377 | D:11     | Killed a six-headed hydra
 16841 | D:11     | Noticed a two-headed ogre
 16844 | D:11     | Noticed a manticore
 16860 | D:11     | Killed a two-headed ogre
 16872 | D:11     | Killed a manticore
 16873 | D:11     | Reached XP level 12. HP: 56/96 MP: 22/22
 17552 | D:11     | Noticed a centaur warrior
 18035 | D:10     | HP: 22/97 [centaur warrior/+3 vorpal broad axe (15)]
 18036 | D:10     | HP: 7/97 [centaur warrior/arrow (14)]
 18552 | D:10     | a centaur warrior changed into a glowing orange brain
 19059 | D:11     | Noticed a five-headed hydra
 19075 | D:11     | Killed a five-headed hydra
 19678 | D:11     | Identified the +6 short sword "Pyitt" {spect, rF+ SInv}
 19678 | D:11     | Noticed a tengu warrior
 19683 | D:11     | Noticed an eight-headed hydra
 19697 | D:11     | HP: 29/97 [six-headed hydra (10)]
 19697 | D:11     | HP: 14/97 [six-headed hydra (1)]
 20174 | D:11     | Found a staircase to the Lair.
 20177 | D:11     | a tengu warrior changed into a shining eye
 20179 | D:11     | Gained mutation: You occasionally shout uncontrollably at
                  | your foes. [a shining eye]
 20184 | D:11     | Gained mutation: Your magical capacity is low. (-10% MP) [a
                  | shining eye]
 20187 | D:11     | Gained mutation: You are dopey. (Int -2) [a shining eye]
 20507 | D:11     | Killed a two-headed hydra
 20508 | D:11     | Reached skill level 10 in Fighting
 20508 | D:11     | Reached skill level 10 in Long Blades
 20508 | D:11     | Reached skill level 10 in Dodging
 20770 | D:11     | HP: 31/97 [manticore (2)]
 21090 | D:11     | Noticed a boulder beetle
 21201 | D:11     | Killed a boulder beetle
 21282 | Lair:1   | Entered Level 1 of the Lair of Beasts
 22470 | Lair:1   | Reached XP level 13. HP: 96/103 MP: 22/22
 23188 | Lair:2   | Found a staircase to the Swamp.
 25496 | Lair:4   | Found a hole to the Spider Nest.
 25610 | Lair:4   | Reached ***** piety under Makhleb
 27455 | Lair:5   | Reached XP level 14. HP: 113/113 MP: 24/24
 27710 | Lair:5   | Reached skill level 10 in Stealth
 28610 | Lair:6   | Entered Level 6 of the Lair of Beasts
 28648 | Lair:5   | Reached skill level 10 in Invocations
 28923 | Lair:5   | HP: 36/113 [poisoned by a cane toad]
 29861 | Lair:6   | Reached ****** piety under Makhleb
 30252 | Lair:6   | Identified the +10 war axe "Oraat" {venom, Int+4}
 30262 | Lair:6   | Found a runed translucent door.
 30263 | Lair:6   | Found a viscous altar of Jiyva.
 30263 | Lair:6   | Found a staircase to the Slime Pits.
 30263 | Lair:6   | Noticed an acid blob
 30972 | Lair:6   | Reached XP level 15. HP: 66/120 MP: 25/25
 31642 | Orc:1    | Entered Level 1 of the Orcish Mines
 31691 | Orc:2    | Entered Level 2 of the Orcish Mines
 31812 | Orc:2    | Paralysed by an orc sorcerer for 2 turns
 32014 | Orc:2    | Found a staircase to the Elven Halls.
 32550 | Orc:2    | Reached skill level 10 in Short Blades
 32550 | Orc:2    | Reached skill level 10 in Axes
 32550 | Orc:2    | Reached skill level 10 in Maces & Flails
 32550 | Orc:2    | Reached skill level 10 in Polearms
 32550 | Orc:2    | Reached skill level 10 in Staves
 32550 | Orc:2    | Reached skill level 10 in Slings
 32550 | Orc:2    | Reached skill level 10 in Bows
 32550 | Orc:2    | Reached skill level 10 in Crossbows
 32550 | Orc:2    | Reached skill level 10 in Throwing
 32550 | Orc:2    | Reached skill level 10 in Armour
 32550 | Orc:2    | Reached skill level 10 in Shields
 32550 | Orc:2    | Reached skill level 10 in Unarmed Combat
 32550 | Orc:2    | Reached skill level 10 in Spellcasting
 32550 | Orc:2    | Reached skill level 10 in Evocations
 32625 | Orc:2    | HP: 39/120 [two-headed ogre/+0 giant club (13)]
 33078 | Orc:2    | Paralysed by an ogre mage for 5 turns
 33087 | Orc:2    | Paralysed by an ogre mage for 3 turns
 33089 | Orc:2    | HP: 38/120 [two-headed ogre/+0 giant club (4)]
 33100 | Orc:2    | HP: 35/120 [two-headed ogre/+0 giant club (12)]
 33903 | Orc:2    | Found Egyin's Book Shoppe.
 33903 | Orc:2    | Found Ixuniasch's General Store.
 33904 | Orc:2    | Found Utudeef's Antique Armour Boutique.
 33904 | Orc:2    | Found Hiefionoqe's Weapon Shoppe.
 34074 | Orc:2    | Bought an encrusted chain mail for 351 gold pieces
 34074 | Orc:2    | Identified the +1 chain mail "Vied" {rElec Int-3 Slay+2}
                  | (You bought it in a shop on level 2 of the Orcish Mines)
 34158 | Orc:1    | Noticed an orc warlord
 34936 | D:12     | HP: 33/120 [skeletal warrior/+0 glaive (12)]
 37087 | D:13     | Identified the +0 kite shield "Zeut" {rElec rC+ Will+
                  | rCorr}
 37481 | Lair:4   | Identified the +0 kite shield of the Cockroach {rElec rPois
                  | rC- rCorr}
 38107 | Swamp:1  | Entered Level 1 of the Swamp
 38186 | Swamp:1  | Reached XP level 16. HP: 128/128 MP: 27/27
 38296 | Swamp:1  | Noticed Louise
 38319 | Swamp:1  | Killed Louise
 38518 | Swamp:1  | HP: 42/128 [swamp dragon] (3)]
 38520 | Swamp:1  | HP: 16/128 [swamp dragon/blast of poison (13)]
 39567 | Swamp:1  | Found a glowing silver altar of Zin.
 40054 | Swamp:1  | Identified the +3 leather armour of Edois {SInv}
 40387 | Swamp:2  | HP: 30/129 [goliath frog[a spriggan druid] (13)]
 40791 | Swamp:2  | Found a runed translucent door.
 40791 | Swamp:2  | Noticed Matygoc's ghost (adept HaSk)
 42019 | Swamp:3  | Noticed a thorn hunter
 42227 | Swamp:2  | Killed a thorn hunter
 43665 | Swamp:4  | Entered Level 4 of the Swamp
 43977 | Swamp:4  | HP: 37/124 [ghost crab] (5)]
 43998 | Swamp:4  | HP: 32/126 [alligator (5)]
 44598 | Swamp:4  | HP: 41/129 [bunyip (21)]
 44603 | Swamp:4  | HP: 13/129 [eleionoma/spray of wooden splinters (17)]
 44609 | Swamp:4  | HP: 30/129 [eleionoma/spray of wooden splinters (4)]
 46061 | Swamp:4  | HP: 40/130 [something (10)]
 46390 | Swamp:4  | Reached XP level 17. HP: 134/135 MP: 29/29
 47095 | Swamp:4  | Identified the ring of Fixation {rF+ Will+ Int+2}
 47149 | Swamp:4  | Noticed a bone dragon
 47321 | Swamp:4  | Killed a bone dragon
 47872 | Swamp:4  | Got a decaying rune of Zot
 48054 | Spider:1 | Entered Level 1 of the Spider Nest
 49626 | Spider:1 | HP: 41/137 [steelbarb worm[a torpor snail] (6)]
 49633 | Spider:1 | HP: 28/137 [boulder beetle simulacrum (24)]
 49635 | Spider:1 | HP: 6/137 [boulder beetle simulacrum (19)]
 51791 | Spider:3 | Noticed Arachne
 51953 | Spider:3 | Reached skill level 10 in Conjurations
 51953 | Spider:3 | Reached skill level 10 in Hexes
 51953 | Spider:3 | Reached skill level 10 in Summonings
 51953 | Spider:3 | Reached skill level 10 in Necromancy
 51953 | Spider:3 | Reached skill level 10 in Translocations
 51953 | Spider:3 | Reached skill level 10 in Transmutations
 51953 | Spider:3 | Reached skill level 10 in Fire Magic
 51953 | Spider:3 | Reached skill level 10 in Ice Magic
 51953 | Spider:3 | Reached skill level 10 in Air Magic
 51953 | Spider:3 | Reached skill level 10 in Earth Magic
 51953 | Spider:3 | Reached skill level 10 in Poison Magic
 52121 | Spider:3 | Killed Arachne
 52705 | Spider:2 | HP: 45/137 [poisoned by a meliai]
 52710 | Spider:2 | HP: 41/137 [poisoned by a meliai]
 53985 | Spider:2 | HP: 21/124 [pharaoh ant (28)]
 53985 | Spider:2 | HP: 7/118 [pharaoh ant (14)]
 54752 | Spider:4 | Entered Level 4 of the Spider Nest
 54922 | Spider:4 | Noticed Donald
 55126 | Spider:3 | HP: 39/131 [steelbarb worm (13)]
 55131 | Spider:3 | HP: 33/131 [entropy weaver (8)]
 56023 | Spider:3 | Reached XP level 18. HP: 142/143 MP: 30/30
 57840 | Spider:4 | Killed Donald
 57984 | Spider:3 | HP: 47/145 [poisoned by an emperor scorpion]
 57989 | Spider:3 | HP: 25/145 [poisoned by an emperor scorpion]
 57994 | Spider:3 | HP: 17/145 [poisoned by an emperor scorpion]
 57998 | Spider:3 | HP: 8/145 [emperor scorpion (7)]
 58058 | Spider:3 | HP: 22/145 [emperor scorpion (21)]
 59501 | Spider:3 | HP: 40/145 [wolf spider[a torpor snail] (11)]
 59952 | Spider:4 | Found a runed translucent gate.
 59952 | Spider:4 | Found a runed translucent gate.
 59953 | Spider:4 | Found a runed translucent gate.
 59953 | Spider:4 | Noticed jjjjhere's ghost (adept MiAK)
 60906 | Spider:3 | Learned a level 5 spell: Manifold Assault
 61935 | Spider:4 | Got a gossamer rune of Zot
 62391 | D:14     | Found a stormy altar of Qazlal.
 62608 | D:14     | Identified the +1 cloak of Fortitude {rN+ Will++ Stlth+}
 62632 | D:14     | Learned a level 3 spell: Confusing Touch
 62645 | D:14     | Noticed Jorgrun
 62689 | D:13     | Killed Jorgrun
 63358 | D:14     | Noticed Kirke
 63367 | D:14     | Killed Kirke
 63558 | D:14     | Found a gate to the Vaults.
 63904 | D:15     | Entered Level 15 of the Dungeon
 64062 | D:15     | Found an ornate altar of the Wu Jian Council.
 64852 | D:15     | Learned a level 4 spell: Passage of Golubria
 64890 | D:15     | Found a corrupted altar of Lugonu.
 64916 | D:15     | Found a staircase to the Depths.
 65252 | D:15     | Noticed Agnes
 65269 | D:15     | Killed Agnes
 65570 | Vaults:1 | Entered Level 1 of the Vaults
 66822 | Vaults:1 | Reached XP level 19. HP: 152/152 MP: 32/32
 67536 | Vaults:1 | Found Nuanumn's Armour Emporium.
 67539 | Vaults:1 | Bought a +1 pair of gloves for 172 gold pieces
 67929 | Vaults:1 | Identified the +6 swamp dragon scales of Polytheism {+Blink
                  | rElec rPois rF-}
 68646 | Vaults:2 | Found Ilel's Assorted Antiques.
 69561 | Vaults:2 | HP: 39/153 [ironbound frostheart/creeping frost (22)]
 70940 | Vaults:3 | Identified the +1 chain mail "Wocw" {+Blink Str+3}
 71139 | Vaults:3 | Found a staircase to the Crypt.
 71175 | Vaults:3 | Noticed Bai Suzhen
 71415 | Vaults:3 | Killed Bai Suzhen
 71774 | Vaults:3 | Reached XP level 20. HP: 157/161 MP: 33/33
 72791 | Vaults:3 | Found Emeohinu's Antique Armour Boutique.
 73844 | Vaults:3 | Reached skill level 15 in Fighting
 73844 | Vaults:3 | Reached skill level 15 in Long Blades
 73844 | Vaults:3 | Reached skill level 15 in Dodging
 75430 | Vaults:4 | Noticed Margery
 75472 | Vaults:3 | HP: 43/158 [hell knight/bolt of fire[Margery] (21)]
 75891 | Vaults:3 | Killed Margery
 76318 | Vaults:4 | Reached skill level 15 in Invocations
 77345 | Vaults:4 | Identified the +3 ring mail of Tohimiz {rF++ Str+2 Int-2
                  | Stlth+}
 77816 | D:8      | Learned a level 6 spell: Iron Shot
 79756 | Depths:1 | Entered Level 1 of the Depths
 80373 | Depths:1 | Reached XP level 21. HP: 169/169 MP: 16/35
 81107 | Depths:1 | Found a sacrificial altar of Ru.
 81169 | Depths:1 | Identified the +6 spear "Ketaskikh" {speed, Will+ Int-2
                  | Dex+4}
 81677 | Depths:1 | Found a gateway to Hell.
 81823 | Depths:1 | Found Nodghiykk's Jewellery Shoppe.
 83555 | Depths:1 | HP: 44/169 [phantasmal warrior (29)]
 84546 | Depths:2 | Reached skill level 15 in Stealth
 84548 | Depths:2 | HP: 56/170 [juggernaut simulacrum (19)]
 84566 | Depths:2 | HP: 56/170 [deep troll (5)]
 85507 | Depths:1 | Learned a level 6 spell: Starburst
 86539 | Depths:2 | Found a basalt altar of Yredelemnul.
 86554 | Depths:2 | Identified the +4 whip of Symmetry {vamp, rCorr Int+2}
 86571 | Depths:2 | Learned a level 4 spell: Sticky Flame
 87069 | Depths:2 | Found a one-way gate leading to the halls of Pandemonium.
 87498 | Depths:2 | HP: 51/163 [spectral juggernaut (27)]
 89487 | Orc:2    | Bought the Unrestrained Analects for 748 gold pieces
 89487 | Orc:2    | Bought a book of the Earth for 612 gold pieces
 89494 | Orc:2    | Learned a level 6 spell: Statue Form
 89515 | Elf:1    | Entered Level 1 of the Elven Halls
 89751 | Elf:1    | Got the Reference Book on the Entourage
 90013 | Elf:1    | Acquired the +0 pair of gloves of Twilight {rF+ Regen+
                  | Int+2}
 90169 | Elf:1    | Got the Grimoire of Creative Confrontation
 90186 | Elf:1    | Noticed Frances
 90198 | Elf:1    | Killed Frances
 90199 | Elf:1    | Reached XP level 22. HP: 177/177 MP: 31/36
 91467 | Elf:2    | Identified the +0 scale mail of Narcissism {Str+5}
 91563 | Elf:2    | Found a runed translucent gate.
 91564 | Elf:2    | Found a runed translucent gate.
 91564 | Elf:2    | Found a runed translucent gate.
 91587 | Elf:2    | Identified the +0 giant club of the Glowing Mosquito
                  | {venom, rF+ rN+ Dex+2}
 92052 | Elf:3    | Entered Level 3 of the Elven Halls
 92241 | Elf:3    | Reached skill level 15 in Short Blades
 92241 | Elf:3    | Reached skill level 15 in Axes
 92241 | Elf:3    | Reached skill level 15 in Maces & Flails
 92241 | Elf:3    | Reached skill level 15 in Polearms
 92241 | Elf:3    | Reached skill level 15 in Staves
 92241 | Elf:3    | Reached skill level 15 in Slings
 92241 | Elf:3    | Reached skill level 15 in Bows
 92241 | Elf:3    | Reached skill level 15 in Crossbows
 92241 | Elf:3    | Reached skill level 15 in Throwing
 92241 | Elf:3    | Reached skill level 15 in Armour
 92241 | Elf:3    | Reached skill level 15 in Shields
 92241 | Elf:3    | Reached skill level 15 in Unarmed Combat
 92241 | Elf:3    | Reached skill level 15 in Spellcasting
 92241 | Elf:3    | Reached skill level 15 in Evocations
 92338 | Elf:3    | Paralysed by an air elemental for 1 turns
 92342 | Elf:3    | Paralysed by an air elemental for 1 turns
 92488 | Elf:3    | Found a transporter.
 92507 | Elf:3    | Found a bloodstained altar of Trog.
 92509 | Elf:3    | Noticed Miona's ghost (adept HuVM)
 92530 | Elf:3    | Found a transporter.
 92892 | Elf:3    | Identified Roxanne's Volume of Changing
 92892 | Elf:3    | Noticed Roxanne
 93017 | Elf:3    | Found a portal to a secret trove of treasure.
 93905 | Elf:3    | Killed Roxanne
 95045 | Elf:3    | Identified the +4 crystal plate armour "Decia" {Harm rPois
                  | rF- Int+6}
 95798 | Elf:3    | Identified the +9 glaive of Tumult {spect, Fragile rN+
                  | Will++ Str+4}
 95799 | Elf:3    | Identified the +1 leather armour of Stoicism {*Corrode
                  | Int+5 Dex+3}
 96181 | Elf:3    | Learned a level 7 spell: Ozocubu's Refrigeration
 96267 | Elf:3    | Identified the +10 short sword "Hell-Harrower" {venom,
                  | rElec rPois Dex+3 Stlth-}
 96719 | Elf:3    | Identified the +7 scimitar "Vacw" {venom, rN+ Str+2}
 96819 | Elf:3    | Identified the +1 robe "Girrobur" {Harm rC+ Dex-2}
 97628 | Elf:3    | Identified the +5 hunting sling of Eternal Vigilance
                  | {speed, rN+}
 97697 | Elf:3    | Learned a level 5 spell: Borgnjor's Vile Clutch
 98862 | Depths:3 | Found a sparkling altar of Nemelex Xobeh.
 99318 | Depths:3 | HP: 54/179 [brown very ugly thing (20)]
 99699 | Depths:3 | You are sucked into a shaft and drop 1 floor!
 99699 | Depths:4 | Entered Level 4 of the Depths
 99699 | Depths:4 | Noticed an ancient lich
 99699 | Depths:4 | Found a one-way gateway to a ziggurat.
100437 | Depths:3 | Noticed a caustic shrike
100453 | Depths:3 | Killed a caustic shrike
100556 | Depths:3 | Reached XP level 23. HP: 186/186 MP: 25/38
100691 | Depths:3 | Noticed a juggernaut
100691 | Depths:3 | Found the +0 mask of the Dragon {Will+ Slay+3 SInv}
100747 | Depths:3 | Killed a juggernaut
101168 | Depths:3 | Identified the ring "Veonto" {rF+ Str+2 Slay+3}
101391 | Depths:3 | Found a one-way gate to the infinite horrors of the Abyss.
102457 | Depths:4 | Learned a level 5 spell: Summon Mana Viper
103034 | Depths:4 | HP: 55/186 [poisoned by a black draconian knight]
103041 | Depths:4 | HP: 41/186 [black draconian knight/+4 war axe of venom
                  | (14)]
103046 | Depths:4 | HP: 59/186 [poisoned by a black draconian knight]
103203 | Depths:4 | Found a gate to the Realm of Zot.
104023 | Depths:4 | Found Ruahesk's Weapon Shoppe.
104031 | Depths:4 | Bought a throwing net for 36 gold pieces
104212 | Depths:4 | Voluntarily entered the Abyss.
104624 | Abyss:3  | Found a corrupted altar of Lugonu.
105119 | Depths:4 | Escaped the Abyss
105183 | Depths:4 | Voluntarily entered the Abyss.
105571 | Abyss:3  | Paralysed by accursed screaming for 1 turns
105575 | Depths:4 | Escaped the Abyss
106311 | Slime:1  | Entered Level 1 of the Pits of Slime
106318 | Slime:1  | Gained mutation: You tend to lose your temper in combat. [a
                  | shining eye]
108286 | Slime:4  | Found a viscous altar of Jiyva.
108764 | Slime:5  | Entered Level 5 of the Pits of Slime
109874 | Slime:5  | Gained mutation: You sometimes lose the ability to read
                  | scrolls when taking damage. [a shining eye]
110079 | Slime:5  | Noticed the Royal Jelly
110150 | Slime:4  | Lost mutation: You tend to lose your temper in combat.
                  | [potion of mutation]
110150 | Slime:4  | Lost mutation: You are dopey. (Int -2) [potion of mutation]
110150 | Slime:4  | Lost mutation: You sometimes lose the ability to read
                  | scrolls when taking damage. [potion of mutation]
110150 | Slime:4  | Gained mutation: You have sharp fingernails. [potion of
                  | mutation]
110150 | Slime:4  | Lost mutation: Your magical capacity is low. (-10% MP)
                  | [potion of mutation]
110150 | Slime:4  | Gained mutation: You have a pair of small horns on your
                  | head. [potion of mutation]
110510 | Slime:5  | Gained mutation: You do not regenerate when monsters are
                  | visible. [a shining eye]
110906 | Slime:5  | Found a viscous altar of Jiyva.
111604 | Slime:5  | HP: 80/243 [rockslime[the Royal Jelly] (13)]
111606 | Slime:5  | Killed the Royal Jelly
111973 | Slime:5  | Got the Papyrus of Ignition and Weightlessness
112002 | Slime:5  | Got a slimy rune of Zot
112040 | Slime:5  | Identified the +6 longbow of Doom {speed, rPois rN+ Dex-5}
112053 | Slime:5  | Identified the +0 leather armour "Xyjathre" {rF+ Will++
                  | Str-5 Dex+2}
112075 | Slime:5  | Identified the +2 scale mail of the Beekeeper {Rampage rC-
                  | Str+3}
112406 | Zot:1    | Entered Level 1 of the Realm of Zot
112829 | Elf:3    | You paid a toll of +5 fire dragon scales to enter a
                  | treasure trove
112830 | Trove    | Entered a treasure trove
112833 | Trove    | Found the amulet of Vitality {Regen+ HP+15}
112834 | Trove    | Identified the ring of Obry {rC++ rN+ Int+4}
112843 | Trove    | Identified the ring of Free Will {rF+ rC+ Will+ rCorr
                  | Dex-3}
112848 | Trove    | Identified the ring "Lail" {rPois rC+ rN+ Str-4}
112853 | Trove    | Identified the ring of Fedhas's Pride {rPois rF+ rC+}
112859 | Trove    | Identified the ring "Fanger" {EV+4 Dex+2}
114030 | Zot:1    | Reached XP level 24. HP: 195/195 MP: 39/43
114438 | Zot:1    | Noticed an orb of fire
114506 | Zot:1    | Gained mutation: You tend to lose your temper in combat.
                  | [an orb of fire]
114513 | Zot:1    | Gained mutation: You have hidden genetic defects. [an orb
                  | of fire]
114514 | Zot:1    | Killed an orb of fire
114592 | Zot:1    | Lost mutation: You have hidden genetic defects. [potion of
                  | mutation]
114592 | Zot:1    | Lost mutation: You do not regenerate when monsters are
                  | visible. [potion of mutation]
114592 | Zot:1    | Gained mutation: You passively dampen the noise of your
                  | surroundings. [potion of mutation]
114724 | Zot:1    | Identified the +5 dagger of the Blind Eye {antimagic,
                  | Int+4}
122251 | Zot:5    | Entered Level 5 of the Realm of Zot
122536 | Zot:5    | Noticed a curse toe
122663 | Zot:4    | Killed a curse toe
124069 | Zot:5    | Reached XP level 25. HP: 203/203 MP: 4/43
124527 | Zot:5    | Noticed an ancient lich
124546 | Zot:5    | Killed an ancient lich
125121 | Zot:5    | Noticed an orb of fire
125214 | Zot:5    | Noticed a Killer Klown
125215 | Zot:5    | Noticed a Killer Klown
125220 | Zot:5    | Noticed a Killer Klown
125222 | Zot:5    | Killed an orb of fire
125319 | Zot:5    | Killed a Killer Klown
125560 | Zot:5    | Killed a Killer Klown
125900 | Zot:5    | Killed a Killer Klown
128092 | Zot:5    | Noticed an orb of fire
128096 | Zot:5    | Noticed a Killer Klown
128223 | Zot:5    | Killed an orb of fire
128260 | Zot:5    | Killed a Killer Klown
128753 | Zot:5    | Noticed a dread lich
128760 | Zot:5    | Killed a dread lich
129096 | Zot:5    | Noticed a dread lich
129097 | Zot:5    | Noticed an orb of fire
129339 | Zot:5    | Noticed an orb of fire
129351 | Zot:5    | Gained mutation: You are dopey. (Int -2) [an orb of fire]
129353 | Zot:5    | Gained mutation: Your spells are a little easier to cast,
                  | but a little less powerful. [an orb of fire]
129354 | Zot:5    | Killed an orb of fire
129385 | Zot:5    | Noticed a Killer Klown
129404 | Zot:5    | Killed a Killer Klown
129405 | Zot:5    | Lost mutation: You have sharp fingernails. [an orb of fire]
129416 | Zot:5    | Killed an orb of fire
130246 | Zot:5    | Killed a dread lich
131230 | Zot:5    | Got the Orb of Zot
131520 | D:13     | HP: 67/204 [??? (52)]
131931 | D:1      | gnoll is weird!
131931 | D:1      | first melee and stabbing, then casting, then statue form
131931 | D:1      | never felt really strong
131931 | D:1      | may have just made bad choices about equip or spells though
131932 | D:$      | Escaped with the Orb!

Illustrated notes

#.....†......#
##.##.
#.############
#..#. #.# ##
##.#. #.# #.#
#######...
#.####.###
##.........
#.##.....##
##.#######..
#.#.####..##
##.## #..
#.#.8≈8≈8..#
##.## #..
#...≈≈≈≈≈.@###.##
#.>
###.8≈8≈8..4#.##
##. #.#####.##.##
#. ##.....##.##
#. ######### #.
#. #. #. #.


Turn 131931 on D:1: gnoll is weird!

Levels and vault maps discovered:
D:1:      lightli_arrival_statue_moat, layout_basic,
          shapermc_ecumenical_altar_flowoftime
D:2:      layout_basic, basic_altar, serial_shops, shop, minmay_surrounded
D:3:      minmay_inner_zag, layout_basic, mainiacjoe_overflow_cross_hatched
D:4:      layout_rooms, lemuel_coloured_pillars_altar, lemuel_doored_altar,
          gammafunk_ghost_split
D:5:      layout_basic, portal_sewer_entry_e
D:6:      layout_cave_pods, mainiacjoe_overflow_tiny_flanked, temple_fountains,
          serial_shops, nicolae_shop_hallway_plus, uniq_sigmund
D:7:      layout_basic, mainiacjoe_overflow_catwalk, trog_book
D:8:      layout_rooms, bloody_makhleb, mainiacjoe_overflow_paths,
          nicolae_dithmenos_shadow_blocks, eat_drink_and_be_merry_uskayaw,
          grunt_decor_junction
D:9:      layout_stronghold, mainiacjoe_overflow_24_doors,
          beargit_hepliaklqana_dungeon_heroes, kennysheep_mini_moat
D:10:     layout_loops_ring, kennysheep_orc_monster_closet_entryway, uniq_grum
D:11:     minmay_the_grid_triangle_9x9_recursive_2_mashed
          [minmay_the_grid_triangle_9x9_prize_center,
          minmay_the_grid_triangle_9x9_minimal,
          minmay_the_grid_triangle_9x9_zippers_vertical,
          minmay_the_grid_triangle_9x9_odd_lines], layout_basic,
          minmay_lair_entry_grove, grunt_decor_mini_mirrors, wad_rectangle_vault
D:12:     layout_basic
D:13:     kennysheep_six_static_rooms, layout_basic, minmay_unpleasant_kobolds
D:14:     layout_long_grid, david_vaults_4, special_room [special_room_orc],
          nicolae_qazlal_general_emergency, uniq_kirke, uniq_jorgrun
D:15:     hangedman_depths_entry_civil_slaughter, layout_stronghold,
          pdpol_wu_jian_five_deadly_venoms, tgw_lugonu_bribe, uniq_agnes
Lair:1:   layout_regular_city, grunt_forest_small_clearings,
          serial_bayou_shore_b
Lair:2:   layout_small_grid, minmay_swamp_entry_worms, serial_bayou_shore_a
Lair:3:   layout_roguey, lemuel_fruit_fields, grunt_megastairs_5,
          serial_bayou_shore_b
Lair:4:   beast_lair_carwin_large_2, layout_loops_ring, dummy_spider_entry,
          wad_woods_02
Lair:5:   minmay_lair_venomous_thicket, layout_regular_city,
          chequers_serial_rivers_micro_e, eino_house_with_fridge,
          infiniplex_staircase_pool_2
Lair:6:   minmay_lair_end_frog_pond, layout_loops_ring, slime_altar_2
Swamp:1:  layout_falls_marsh, lemuel_altar_in_water, infiniplex_staircase_pool,
          uniq_louise
Swamp:2:  layout_basic_swamp, gammafunk_ghost_grave, nicolae_swamp_dense_foliage
Swamp:3:  layout_falls_marsh, evilmike_swamp_ruin_house_5
Swamp:4:  swamp_pestilence, layout_basic_swamp
Spider:1: layout_spider_delve, hangedman_spider_tarantella_strand
Spider:2: layout_chambers
Spider:3: layout_spider_delve, uniq_arachne
Spider:4: grunt_spider_rune_parallel, gammafunk_ghost_tricky_traps, uniq_donald
Slime:1:  layout_caves
Slime:2:  layout_caves
Slime:3:  layout_caves
Slime:4:  layout_caves, basic_altar
Slime:5
Orc:1:    layout_diamond_mine
Orc:2:    st_orc_ogre_mass, layout_diamond_mine
Elf:1:    layout_loops_cross, minmay_elf_sorcery, minmay_elf_demonology,
          uniq_frances
Elf:2:    nicolae_elf_blades_crystal_corner, layout_gridlike, grunt_megastairs_1
Elf:3:    minmay_elf_hall_x, layout_loops_corners, nicolae_trove_entry_diagonal,
          gammafunk_ghost_wrathful_warriors, uniq_roxanne
Vaults:1: nicolae_vaults_inception_corners, st_eye, v_pattern_1,
          nicolae_vaults_little_squares_5, ontoclasm_vaults_spin,
          nicolae_vaults_rhombus_7, nicolae_vaults_angled_halls,
          ontoclasm_vaults_loading_screen, layout_vaults_big_cross,
          serial_shops, nicolae_shop_behind_doors
Vaults:2: v_misc_3, v_misc_25, hangedman_vaults_nodes, nicolae_vaults_triangles,
          layout_vaults_omnigrid, serial_shops, shop
Vaults:3: ontoclasm_vaults_gateway, blue_anna_dwarven_crypt, v_alt_pattern_6,
          nicolae_vaults_network_star, vaults_room_door_hall, v_misc_31,
          v_misc_13, v_alt_pattern_2, nicolae_vaults_mini_display_case,
          nicolae_vaults_angled_halls, grunt_vaults_hallway_short,
          nicolae_vaults_little_squares_6, nicolae_vaults_little_squares_6,
          layout_vaults_big_room, serial_shops, nicolae_square_shop,
          uniq_bai_suzhen
Vaults:4: hangedman_vaults_impose, ontoclasm_vaults_loading_screen,
          nicolae_vaults_inception_scallops, serial_ice_h,
          nicolae_vaults_network_quinsquares
          [nicolae_vaults_network_quincunx_subvault,
          nicolae_vaults_network_quincunx_subvault,
          nicolae_vaults_network_quincunx_subvault,
          nicolae_vaults_network_quincunx_subvault], vaults_mumra_minichess,
          hangedman_vaults_capsules, v_misc_3, ontoclasm_vaults_decontamination,
          nicolae_vaults_little_squares_4, hangedman_vaults_slice, v_misc_28,
          nicolae_vaults_specimen_jars, layout_vaults_ring, uniq_margery
Depths:1: layout_small_grid, hangedman_coc_ice_floe,
          hangedman_decor_clover_reticule, serial_shops,
          nicolae_shop_hallway_stairs, minmay_gold_behind_fungi,
          nicolae_ru_great_annihilating_truth
Depths:2: lemuel_vampire_tower, layout_basic, hell_entry,
          chequers_serial_rivers_micro_a, grunt_pan_entry_sceptre
Depths:3: kennysheep_water_balloons, layout_gridville,
          nemelex_lonely_heart_becter, hangedman_abyss_entry_splay, hell_entry,
          nicolae_keep_em_comin, infiniplex_staircase_zigzag_3
Depths:4: evilmike_zot_entry_argh, layout_gridlike, enter_ziggurat_d,
          serial_shops, nicolae_shop_bloodbath_and_beyond,
          abyss_entry_small_statue_room, hell_entry
Zot:1:    layout_misc_corridors, bh_zot_lava_cross
Zot:2:    layout_basic, grunt_ministairs_4
Zot:3:    layout_gridlike
Zot:4:    layout_basic
Zot:5:    layout_cathedral_of_symmetry, grunt_ministairs_8

Skill      XL: |  1  2  3  4  5  6  7  8  9 10 11 12 13 14 15 16 17 18 19 20 21 22 23 24 25 |
---------------+----------------------------------------------------------------------------+-----
Invocations    | 1 2 3 4 5 6 7 8 9 10 11 12 13 14 15 16 17 18 | 18.6
Short Blades   | 1 2 3 4 5 6 7 8 9 10 11 12 13 14 15 16 17 | 17.2
Axes           | 1 2 3 4 5 6 7 8 9 10 11 12 13 14 15 16 17 | 17.2
Maces & Flails | 1 2 3 4 5 6 7 8 9 10 11 12 13 14 15 16 17 | 17.2
Polearms       | 1 2 3 4 5 6 7 8 9 10 11 12 13 14 15 16 17 | 17.2
Staves         | 1 2 3 4 5 6 7 8 9 10 11 12 13 14 15 16 17 | 17.2
Slings         | 1 2 3 4 5 6 7 8 9 10 11 12 13 14 15 16 17 | 17.2
Bows           | 1 2 3 4 5 6 7 8 9 10 11 12 13 14 15 16 17 | 17.2
Crossbows      | 1 2 3 4 5 6 7 8 9 10 11 12 13 14 15 16 17 | 17.2
Throwing       | 1 2 3 4 5 6 7 8 9 10 11 12 13 14 15 16 17 | 17.2
Armour         | 1 2 3 4 5 6 7 8 9 10 11 12 13 14 15 16 17 | 17.2
Shields        | 1 2 3 4 5 6 7 8 9 10 11 12 13 14 15 16 17 | 17.2
Unarmed Combat | 1 2 3 4 5 6 7 8 9 10 11 12 13 14 15 16 17 | 17.2
Spellcasting   | 1 2 3 4 5 6 7 8 9 10 11 12 13 14 15 16 17 | 17.2
Evocations     | 1 2 3 4 5 6 7 8 9 10 11 12 13 14 15 16 17 | 17.2
Conjurations   | 1 2 3 4 5 6 7 8 9 10 11 12 13 14 | 14.6
Hexes          | 1 2 3 4 5 6 7 8 9 10 11 12 13 14 | 14.6
Summonings     | 1 2 3 4 5 6 7 8 9 10 11 12 13 14 | 14.6
Necromancy     | 1 2 3 4 5 6 7 8 9 10 11 12 13 14 | 14.6
Translocations | 1 2 3 4 5 6 7 8 9 10 11 12 13 14 | 14.6
Transmutations | 1 2 3 4 5 6 7 8 9 10 11 12 13 14 | 14.6
Fire Magic     | 1 2 3 4 5 6 7 8 9 10 11 12 13 14 | 14.6
Ice Magic      | 1 2 3 4 5 6 7 8 9 10 11 12 13 14 | 14.6
Air Magic      | 1 2 3 4 5 6 7 8 9 10 11 12 13 14 | 14.6
Earth Magic    | 1 2 3 4 5 6 7 8 9 10 11 12 13 14 | 14.6
Poison Magic   | 1 2 3 4 5 6 7 8 9 10 11 12 13 14 | 14.6
Fighting       | 7 8 9 10 11 12 13 14 15 16 17 18 | 18.2
Long Blades    | 7 8 9 10 11 12 13 14 15 16 17 18 | 18.2
Dodging        | 7 8 9 10 11 12 13 14 15 16 17 18 | 18.2
Stealth        | 5 6 7 8 9 10 11 12 13 14 15 16 17 | 17.6

Action                   |  1- 3 |  4- 6 |  7- 9 | 10-12 | 13-15 | 16-18 | 19-21 | 22-24 | 25-27 || total
-------------------------+-------+-------+-------+-------+-------+-------+-------+-------+-------++-------
Melee: Falchion          |    90 |   127 |   234 |   347 |    63 |       |       |       |       ||   861
       Bite              |     7 |    16 |    31 |   100 |   259 |   282 |   348 |   193 |    14 ||  1250
       Punch             |       |     5 |    12 |     2 |       |       |       |       |       ||    19
       Unarmed           |       |       |     2 |       |       |       |       |     1 |       ||     3
       Hand axe          |       |       |       |   131 |       |       |       |       |       ||   131
       Dagger            |       |       |       |    13 |       |       |       |       |       ||    13
       Scimitar          |       |       |       |    78 |     8 |       |       |       |       ||    86
       Short sword       |       |       |       |    63 |  1262 |  1497 |  1078 |    11 |       ||  3911
       Flail             |       |       |       |    30 |       |       |       |       |       ||    30
       War axe           |       |       |       |       |    13 |    13 |   417 |  1114 |    92 ||  1649
       Demon trident     |       |       |       |       |       |    43 |       |       |       ||    43
       Headbutt          |       |       |       |       |       |       |       |   138 |    29 ||   167
Throw: Dart              |       |       |     1 |       |     2 |     1 |       |       |       ||     4
       Boomerang         |       |       |       |       |     6 |   624 |    80 |    23 |       ||   733
       Throwing net      |       |       |       |       |       |     3 |     1 |       |       ||     4
 Cast: Manifold Assault  |       |       |       |       |       |    10 |       |     2 |       ||    12
       Blink             |       |       |       |       |       |     3 |     1 |       |       ||     4
       Confusing Touch   |       |       |       |       |       |       |     9 |       |       ||     9
       Iron Shot         |       |       |       |       |       |       |   227 |   473 |    78 ||   778
       Starburst         |       |       |       |       |       |       |    17 |    26 |       ||    43
       Statue Form       |       |       |       |       |       |       |     5 |    41 |     8 ||    54
       Ozocubu's Refrige |       |       |       |       |       |       |       |    30 |       ||    30
       Borgnjor's Vile C |       |       |       |       |       |       |       |    65 |    44 ||   109
       Wereblood         |       |       |       |       |       |       |       |     2 |       ||     2
       Summon Mana Viper |       |       |       |       |       |       |       |    14 |    36 ||    50
Invok: Minor Destruction |    14 |    40 |   127 |   114 |   104 |    12 |     1 |       |       ||   412
       Lesser Servant of |       |       |     8 |    14 |     6 |    35 |       |     3 |     1 ||    67
       Greater Servant o |       |       |       |       |       |       |       |     1 |       ||     1
Evoke: Wand              |       |       |       |     9 |       |    14 |     3 |       |     3 ||    29
       Condenser vane    |       |       |       |     1 |     2 |     4 |     7 |     2 |       ||    16
       Piece from Xom's  |       |       |       |       |     5 |     1 |     2 |       |       ||     8
  Use: Potion            |       |     3 |       |     1 |     1 |     9 |       |     8 |     2 ||    24
       Scroll            |       |       |    13 |     6 |     9 |    11 |     3 |    16 |     4 ||    62
 Stab: Sleeping          |     7 |     6 |     1 |       |     1 |     4 |    21 |    15 |       ||    55
       Distracted        |       |       |     1 |     6 |    26 |    53 |    42 |     7 |     4 ||   139
       Held in net/web   |       |       |       |       |       |     1 |     3 |       |       ||     4
       Confused          |       |       |       |       |       |       |     9 |       |       ||     9
       Invisible         |       |       |       |       |       |       |     1 |       |       ||     1
       Paralysed         |       |       |       |       |       |       |     1 |       |       ||     1
Armor: Robe              |    11 |     8 |       |       |       |       |       |       |       ||    19
       Skin              |       |    16 |       |       |       |       |    23 |   285 |     6 ||   330
       Ring mail         |       |     6 |     6 |       |       |       |       |       |       ||    12
       Scale mail        |       |       |    17 |       |       |       |       |       |       ||    17
       Plate armour      |       |       |    74 |   297 |   417 |       |       |       |       ||   788
       Chain mail        |       |       |       |       |   168 |   529 |   292 |       |       ||   989
       Leather armour    |       |       |       |       |       |       |   148 |   168 |    15 ||   331
Dodge: Dodged            |    61 |   106 |   175 |   321 |   479 |   832 |   834 |  1057 |   108 ||  3973
Block: Kite shield       |       |       |       |   380 |   693 |   935 |   925 |   859 |    82 ||  3874
